 Dungeon Crawl Stone Soup version 0.14-a0-987-gc8002fa (webtiles) character file.

583973 MechanicPope the Formicid Blade (level 27, 70/182 (185) HPs)
             Began as a Formicid Fighter on Nov 9, 2013.
             Quit the game on Level 2 of the Tomb of the Ancients on Nov 21, 2013.
             The game lasted 10:02:48 (82416 turns).

MechanicPope the Formicid Blade (Formicid Fighter) Turns: 82416, Time: 10:02:48

HP  70/182 (185) AC 43     Str 31 (34) XL: 27
MP  41/41        EV  1     Int  6 (8)  God:
Gold 4563        SH 63     Dex 12      Spells:  0 memorised, 29 levels left

Res.Fire  : + . .   See Invis. : +   Z - +7,+6 Blessed Blade
Res.Cold  : . . .   Warding    : .   I - +3 crystal plate armour (curse)
Life Prot.: . . .   Conserve   : +   L - +15 large shield "Bullseye" {EV-5}
Res.Poison: .       Res.Corr.  : +   (helmet unavailable)
Res.Elec. : .       Clarity    : .   h - +2 cloak {rCorr, Cons} (curse)
Sust.Abil.: . .     Spirit.Shd : +   N - +2 pair of gloves {Dex+3} (curse)
Res.Mut.  : .       Stasis     : +   B - +2 pair of boots {run} (curse)
Res.Rott. : .       Flight     : .   q - cursed amulet of the Leaf {Spirit rPois Dex-1}
Saprovore : . . .                    H - cursed +4,+7 ring of slaying
                                     V - cursed ring "Ywai" {-Tele +Inv rF+ MR++ Dam-2 SInv}

@: quick, incredibly resistant to hostile enchantments, extremely unstealthy
A: permanent stasis, dig shafts and tunnels, four strong arms, poison weakness,
antennae 3, exoskeleton 1
a: Dig, Shaft Self
}: 4/15 runes: decaying, serpentine, silver, abyssal


You were on level 2 of the Tomb of the Ancients.
You were hungry.

You visited 11 branches of the dungeon, and saw 57 of its levels.
You visited the Abyss 1 time.
You also visited: Labyrinth, Bailey and Volcano.

You collected 8729 gold pieces.
You spent 4166 gold pieces at shops.

Inventory:

Hand weapons
 Z - a +7,+6 Blessed Blade (weapon)
Armour
 h - a cursed +2 cloak of preservation (worn)
 B - a cursed +2 pair of boots of running (worn)
 I - a cursed +3 crystal plate armour (worn)
 L - the cursed +15 large shield "Bullseye" (worn) {EV-5}
   (You took it off a deep elf fighter on level 1 of the Elven Halls)

   It affects your evasion (-5).
   It has a curse placed upon it.
 N - a cursed +2 pair of gloves of dexterity (worn)
Magical devices
 o - a wand of fire (6)
 w - a wand of disintegration (17)
 F - a wand of fireball (1)
 R - a wand of hasting (3)
 T - a wand of cold (10)
Scrolls
 c - 5 scrolls of fog
 p - a scroll of magic mapping
 r - 8 scrolls of remove curse
 v - a scroll of vulnerability
 y - a scroll of holy word
 K - 3 scrolls of silence
 P - 3 scrolls of identify
 Y - a scroll of fear
Jewellery
 a - the cursed ring of Temperance {EV+2 Str+3 Dex+5}
   (You bought it in a shop on level 10 of the Dungeon)

   [ring of evasion]

   It affects your evasion (+2).
   It affects your strength (+3).
   It affects your dexterity (+5).
   It has a curse placed upon it.
 g - a cursed ring of protection from fire
 k - a cursed amulet of clarity
 m - a cursed amulet of resist mutation
 q - the cursed amulet of the Leaf (around neck) {Spirit rPois Dex-1}
   (You found it in a labyrinth)

   [amulet of guardian spirit]

   It affects your dexterity (-1).
   It protects you from poison.
   It has a curse placed upon it.
 s - a cursed ring of protection from cold
 t - a cursed ring of protection from cold
 u - a cursed ring of sustain abilities
 E - a cursed ring of flight
 H - a cursed +4,+7 ring of slaying (right hand)
 O - a cursed ring of regeneration
 V - the cursed ring "Ywai" (left hand) {-Tele +Inv rF+ MR++ Dam-2 SInv}
   (You took it off a deep elf annihilator on level 3 of the Elven Halls)

   [ring of see invisible]

   It affects your damage-dealing abilities (-2).
   It protects you from fire.
   It affects your resistance to hostile enchantments.
   It lets you turn invisible.
   It prevents most forms of teleportation.
   It has a curse placed upon it.
 W - the cursed amulet of Cekugob {Ward -Tele Hunger rElec rPois rN+ AC+1 EV+1}
   (You found it in a labyrinth)

   [amulet of warding]

   It affects your AC (+1).
   It affects your evasion (+1).
   It insulates you from electricity.
   It protects you from poison.
   It protects you from negative energy.
   It prevents most forms of teleportation.
   It speeds your metabolism.
   It has a curse placed upon it.
 X - the cursed ring "Cillaodizo" {+Inv rElec rPois MR Int+3}
   (You found it on level 5 of the Vaults)

   [ring of protection from magic]

   It affects your intelligence (+3).
   It insulates you from electricity.
   It protects you from poison.
   It lets you turn invisible.
   It has a curse placed upon it.
Potions
 d - a potion of agility
 e - a potion of cure mutation
 f - a potion of might
 j - 2 potions of resistance
 x - 3 potions of restore abilities
 J - 4 potions of heal wounds
Miscellaneous
 b - a phial of floods (inert)
 i - a fan of gales (inert)
 l - a lamp of fire (inert)
 n - a lamp of fire (inert)
 z - a fan of gales (inert)
 D - a lamp of fire (inert)
 M - a phial of floods (inert)
 Q - a fan of gales (inert)
 S - a sack of spiders
 U - a lamp of fire (inert)
Rods
 G - a cursed +4 rod of inaccuracy (14/14)
   (You found it on level 5 of the Crypt)


   Skills:
 + Level 19.0 Fighting
 * Level 23.9 Long Blades
 - Level 4.8 Throwing
 + Level 20.8 Armour
 - Level 1.3 Stealth
 * Level 19.2 Shields
 - Level 1.8 Spellcasting
   Level 13.4 Invocations
 + Level 19.2 Evocations


You had 29 spell levels left.
You didn't know any spells.

Dungeon Overview and Level Annotations

Branches:
Dungeon (18/27)            Temple (1/1) D:6             Orc (4/4) D:8
    Elf (3/3) Orc:3          Lair (8/8) D:12          Swamp (5/5) Lair:6
  Snake (5/5) Lair:6        Slime (0/6) Lair:7       Vaults (5/5) D:18
  Crypt (5/5) Vaults:2       Tomb (2/3) Crypt:3
  Blade: Vaults:3-4  Depths: D:16

Altars:
Ashenzari
Cheibriados
Elyvilon
Fedhas
Kikubaaqudgha
Makhleb
Nemelex Xobeh
Okawaru
Sif Muna
Trog
Vehumet
Xom
Yredelemnul
Zin
the Shining One
Beogh

Shops:
D:7 +   D:10 *=*   D:11 *   D:12 ?   Orc:1 *   Orc:3 *   Orc:4 [(=[*
Elf:1 (+?[%   Elf:2 /   Vaults:1 }   Vaults:5 !%?%?%?%

Portals:
Ziggurat: D:6 (3100 gp)
Trove: D:12 (give +4 ice dragon armour)

Annotations:
Snake:1 djinn flame
Crypt:2 Mennas


Innate Abilities, Weirdness & Mutations

Your are under a permanent stasis effect.
You can dig through walls and to a lower floor.
Your four strong arms can wield any weapon, most with a shield.
You are susceptible to poison.
You have a pair of large antennae on your head (SInv).
Your body is surrounded by an exoskeleton. (HP +5, AC +1)


Message History

You start resting.
You are feeling hungry.
You aren't carrying any food.
Unknown command.
You start resting.
There is a stone staircase leading down here.
You climb downwards.
You sense a powerful magical force warping space.
There is a stone staircase leading up here.
There is an open door here.
There is an open door here.
Unknown command.
There is a stone staircase leading up, spattered with blood here.
Saving game... please wait.
Welcome back, MechanicPope the Formicid Fighter.
Press ? for a list of commands and other information.
You swing at nothing.
You swing at nothing.
Autopickup is now off.
Are you sure you want to abandon this character and quit the game? (Confirm with "yes".)

.#..###...................###..#.
(#..# #...................# #..#.
.#?.# #...................# #..##
.#..###...................###..#.
.#....................)........#^
.#.............................'.
##........▓...........▓........#^
.#..........................[..#.
.#..............@..............##
^#.............................#,
^'...?....▓...........▓........#,
.#.............................#,
^#.............................#,
##..###...................###..#,
>#..# #...................# #..#,
,#..# #...................# #..#,
,#..###...................###..#,


There were no monsters in sight!

Vanquished Creatures
  2 ancient liches (Abyss:4)
  Khufu (Crypt:2)
  11 greater mummies (Tomb:1)
  Margery (Vaults:4)
  A golden dragon (Vaults:5)
  Jory (Vaults:4)
  A Brimstone Fiend (Elf:3)
  Nikola (Swamp:1)
  2 bone dragons
  3 liches
  2 tentacled monstrosities (Vaults:5)
  2 titans
  2 deep elf blademasters (Elf:3)
  An Executioner (Abyss:3)
  A deep elf master archer (Elf:3)
  8 tengu reavers
  5 sphinxes
  Rupert (Elf:1)
  2 storm dragons
  2 ancient champions
  A daeva (Tomb:1)
  2 shadow dragons (Vaults:5)
  5 revenants
  9 frost giants
  An azure jelly (Swamp:5)
  Donald (Swamp:1)
  Wiglaf (Crypt:2)
  7 vault wardens
  5 ghouls
  8 fire giants
  An orc warlord (Orc:4)
  9 deep elf sorcerers
  4 curse skulls
  2 cacodemons (Abyss:4)
  4 tentacled starspawn
  3 reapers
  Jorgrun (Swamp:5)
  6 greater nagas (Snake:5)
  A balrug (Abyss:3)
  3 vampire knights
  24 stone giants
  6 eidola
  A dire elephant (Lair:8)
  8 deep elf demonologists
  An elemental wellspring (D:16)
  12 deep elf annihilators
  2 unborn (Crypt:3)
  7 deep elf death magi
  Snorg (Swamp:3)
  A salamander (Snake:3)
  5 ettins
  6 mummy priests
  13 yaktaur captains
  3 fire dragons
  7 ironheart preservers
  A minotaur (Lab)
  13 jiangshi
  10 deep elf high priests
  2 great orbs of eyes
  32 vault guards
  Fannar (Elf:3)
  6 ice dragons
  Josephine (D:11)
  2 ravenous feature mimics (Vaults:3)
  A spectral stone giant (Crypt:3)
  8 anacondas
  Erica (D:12)
  8 death yaks (Lair:8)
  23 hydras
  8 ogre magi
  2 deep troll earth magi
  4 deep dwarf death knights
  2 deep troll shamans
  11 alligators
  17 very ugly things
  2 spectral elves (Elf:3)
  21 dancing weapons
  4 hell knights (Vaults:4)
  5 vampire magi
  5 thrashing horrors
  9 wretched stars
  24 naga warriors
  2 plague shamblers
  19 centaur warriors
  2 rakshasas
  Urug (D:11)
  A sun demon (Abyss:2)
  10 soul eaters
  22 deep elf knights
  5 orc high priests
  A storm dragon zombie (Vaults:3)
  11 elves (Vaults:4)
  A titan skeleton (Crypt:4)
  21 large abominations
  2 catoblepae
  3 spatial maelstroms
  9 shadow wraiths
  33 skeletal warriors
  10 flayed ghosts
  2 giant orange brains
  2 iron trolls (Vaults:5)
  A faun (shapeshifter) (Vaults:5)
  A sea snake (shapeshifter) (Vaults:5)
  2 ice devils
  2 wizards (Vaults:4)
  9 sea snakes (Snake:5)
  5 unseen horrors
  3 swamp dragons
  5 deep trolls
  3 giant amoebae
  Pikel (D:6)
  14 ironbrand convokers
  A spectral wolf spider (Crypt:5)
  A hill giant (shapeshifter) (Vaults:4)
  7 griffons
  26 orc knights
  15 deep elf conjurers
  9 orc sorcerers
  26 phantasmal warriors
  5 flaming corpses
  Joseph (D:9)
  A sphinx zombie (Crypt:2)
  2 hellions (Elf:3)
  A shining eye (Abyss:4)
  A wolf spider zombie (D:17)
  A deep dwarf berserker (Abyss:4)
  2 frost giant zombies
  16 necromancers
  3 air elementals (Tomb:1)
  8 hill giants
  2 fire giant zombies
  4 harpies (Vaults:4)
  2 red wasps (Vaults:4)
  4 wolf spiders
  A sphinx skeleton (Vaults:1)
  15 cyclopes
  2 moths of wrath (shapeshifter)
  A cyclops (shapeshifter) (Vaults:5)
  A griffon (shapeshifter) (Vaults:5)
  A sixfirhy (Tomb:1)
  7 stone giant zombies
  A shadow dragon skeleton (Crypt:4)
  8 guardian serpents (Snake:5)
  A storm dragon simulacrum (Vaults:3)
  An apocalypse crab (Abyss:2)
  A frost giant skeleton (Vaults:5)
  2 orange demons
  3 fire giant skeletons
  16 stone giant skeletons
  20 black mambas
  3 feature mimics
  3 tormentors (Abyss:4)
  2 spiny worms (Vaults:1)
  19 spiny frogs
  20 elephants
  4 vault sentinels
  A queen ant (Lair:7)
  2 vapours
  6 deep elf summoners
  2 red draconian zombies
  A fire elemental (Tomb:1)
  9 smoke demons
  A spectral human (Crypt:5)
  3 jumping spiders
  7 yaktaurs
  2 demonic crawlers
  A white draconian zombie (Crypt:3)
  5 hellwings
  A wandering mushroom (D:12)
  A ghost moth simulacrum (Abyss:2)
  8 komodo dragons
  2 redback zombies
  12 naga magi
  A blue devil (Abyss:4)
  An iron devil (Abyss:3)
  A harpy zombie (Vaults:4)
  A grey draconian skeleton (Crypt:1)
  A death yak skeleton (Crypt:2)
  2 white draconian skeletons
  A red devil (Tomb:1)
  An ancient bear skeleton (Crypt:5)
  A polar bear (Lair:8)
  4 ancient zymes
  A spectral deep dwarf (Crypt:1)
  13 guardian mummies
  2 iron troll skeletons
  10 trolls
  A death drake zombie (Abyss:2)
  14 blink frogs
  Sonja (D:16)
  22 deep elf priests
  5 giant leeches
  8 baby alligators
  3 fire drakes
  A sphinx simulacrum (Vaults:2)
  10 two-headed ogres
  4 boulder beetles
  39 slime creatures
  A queen bee (Lair:3)
  A shadow dragon simulacrum (Vaults:3)
  6 bog bodies
  A guardian serpent zombie (Abyss:1)
  A harpy skeleton (Crypt:4)
  A hydra skeleton (Crypt:4)
  2 wind drakes (shapeshifter)
  A dryad zombie (Crypt:5)
  2 ettin zombies
  2 fire dragon zombies
  2 silent spectres
  4 ice dragon zombies (Abyss:4)
  A stone giant simulacrum (Vaults:5)
  A fire giant simulacrum (Crypt:3)
  A grizzly bear (Lair:8)
  A snapping turtle (shapeshifter) (Elf:2)
  4 chaos spawn
  A basilisk (D:13)
  3 trapdoor spiders
  A fire dragon skeleton (D:17)
  An ugly thing zombie (Vaults:2)
  5 water elementals
  30 deep elf fighters
  36 flying skulls
  15 vampires
  7 redbacks
  48 yaks
  7 hippogriffs
  66 ugly things
  5 ettin skeletons
  An octopode (D:16)
  23 deep elf magi
  10 ynoxinuls
  2 griffon skeletons
  2 ice dragon skeletons
  A spiny worm zombie (D:14)
  A hill giant zombie (D:16)
  A shark (D:16)
  Eustachio (Orc:1)
  5 golden eyes (Abyss:4)
  7 hogs (Swamp:1)
  An ugly thing skeleton (D:17)
  A tarantella (Vaults:4)
  22 wraiths
  A hippogriff (shapeshifter) (Vaults:4)
  12 shadows
  Grum (D:9)
  42 vampire mosquitoes
  2 wyverns
  A plague shambler skeleton (Crypt:2)
  2 hill giant skeletons
  2 rock worms
  A redback simulacrum (Vaults:1)
  4 neqoxecs (Abyss:3)
  An elf skeleton (Crypt:3)
  8 swamp worm simulacra (Swamp:5)
  9 wolves
  14 soldier ants
  14 hydra simulacra (Swamp:5)
  6 hungry ghosts
  4 manticores
  14 small abominations
  8 spatial vortices
  2 faun zombies
  10 necrophages
  48 swamp worms
  18 freezing wraiths
  A mottled dragon (D:16)
  2 draconians (shapeshifter)
  3 raven skeletons (Crypt:5)
  13 swamp drakes
  A soldier ant (shapeshifter) (Vaults:1)
  7 hell hounds
  A manticore (shapeshifter) (Vaults:5)
  3 black bears
  6 ice beasts
  2 yellow wasps
  6 porcupines
  A faun skeleton (Crypt:1)
  12 humans
  2 kobold demonologists
  4 sky beasts (D:11)
  73 nagas
  40 ogres
  A blink frog zombie (Crypt:1)
  2 phantoms
  3 human zombies
  5 giant goldfish
  63 orc warriors
  9 centaurs
  A fire crab zombie (Crypt:5)
  4 rotting devils
  Sigmund (D:5)
  14 crocodiles
  A lost soul (Crypt:2)
  A brain worm (Abyss:4)
  3 yaktaur zombies
  5 wargs
  17 giant frogs
  7 big kobolds
  27 water moccasins
  An earth elemental (Abyss:3)
  14 giant slugs
  A spectral boulder beetle (Crypt:3)
  4 agate snails
  A glowing shapeshifter simulacrum (Crypt:2)
  3 komodo dragon skeletons
  2 deep troll simulacra
  3 eyes of draining
  3 cyclops zombies
  20 insubstantial wisps
  A yaktaur skeleton (Crypt:5)
  A wyvern zombie (D:6)
  4 cyclops skeletons
  2 troll zombies
  A grizzly bear zombie (Crypt:2)
  A yak zombie (D:12)
  8 jellyfish
  A fire bat (Volcano)
  41 killer bees
  19 wights
  5 jellies
  A troll skeleton (D:7)
  2 yak skeletons
  11 electric eels
  2 wolf zombies (Crypt:5)
  2 boring beetle zombies
  2 two-headed ogre zombies
  8 crimson imps
  7 starcursed masses (Abyss:4)
  4 goliath beetles
  5 quasits
  A yaktaur simulacrum (Crypt:2)
  3 elf zombies
  2 water moccasin zombies
  43 orc priests
  2 basilisk skeletons
  34 orc wizards
  2 spiders (Crypt:5)
  12 big fish
  3 iron imps
  A black bear skeleton (D:7)
  A giant frog skeleton (D:9)
  4 scorpions
  An iguana (shapeshifter) (D:12)
  7 iguanas
  23 hounds
  44 worker ants
  2 orange rats
  25 sheep
  2 ogre zombies (Vaults:4)
  A brain worm zombie (Abyss:3)
  A big kobold zombie (D:13)
  A big kobold skeleton (D:15)
  2 crocodile zombies (D:11)
  A deep dwarf zombie (Crypt:2)
  A crocodile skeleton (D:11)
  A hound zombie (D:11)
  A deep dwarf skeleton (Crypt:1)
  10 boggarts
  28 mummies
  A kobold zombie (D:14)
  47 adders
  10 giant centipedes
  51 green rats
  3 lemures
  2 orange rat skeletons (Crypt:2)
  6 worms
  2 giant mites
  11 ufetubi
  A giant centipede zombie (D:14)
  A draconian zombie (Crypt:2)
  8 giant eyeballs
  An iguana skeleton (D:6)
  A halfling skeleton (Crypt:2)
  7 giant geckos
  211 orcs
  3 bat skeletons
  A giant mite zombie (Crypt:4)
  16 hobgoblins
  58 kobolds
  16 quokkas
  3 ball pythons
  30 bats
  3 giant cockroaches
  2 giant newts
  A giant spore (D:10)
  A gnoll skeleton (Crypt:1)
  33 goblins
  A goblin zombie (Orc:3)
  A hobgoblin skeleton (D:8)
  6 illusory rakshasas (D:16)
  26 jackals
  A jackal skeleton (Crypt:3)
  An orc zombie (Orc:3)
  17 rats
  A ballistomycete (D:10)
  3 crawling corpses
  9 fungi
  8 plants
  A starspawn tentacle (Abyss:1)
3073 creatures vanquished.

Vanquished Creatures (collateral kills)
  2 ancient liches (Crypt:5)
  4 greater mummies (Tomb:1)
  Saint Roka (Elf:3)
  The ghost of goblolo the Archmage, a great DECj of Vehumet (Crypt:5)
  Xtahua (Vaults:4)
  Frederick (Crypt:3)
  A bone dragon (Vaults:5)
  A Brimstone Fiend (Vaults:2)
  4 liches
  An Executioner (Abyss:2)
  3 sphinxes (Tomb:1)
  An ancient champion (Crypt:5)
  Kirke (Swamp:1)
  A frost giant (D:15)
  A ghoul (Crypt:4)
  Aizul (Snake:4)
  A curse skull (Crypt:5)
  A deep elf sorcerer (Elf:3)
  7 reapers
  A stone giant (Vaults:1)
  7 eidola
  2 deep elf annihilators
  A lorocyproca (Abyss:4)
  4 deep elf death magi
  A vault guard (Vaults:5)
  4 yaktaur captains
  A deep elf high priest (D:17)
  10 mummy priests
  4 jiangshi
  A ravenous feature mimic (Crypt:5)
  Harold (D:12)
  2 deep dwarf death knights
  An ogre mage (Vaults:2)
  3 death yaks (Lair:8)
  A plague shambler (Vaults:4)
  2 centaur warriors
  A vampire mage (Crypt:4)
  2 wretched stars
  2 elves (Vaults:4)
  A titan zombie (Crypt:3)
  2 naga warriors
  A fire crab (Vaults:2)
  A catoblepas (Abyss:3)
  4 soul eaters (Crypt:5)
  12 skeletal warriors
  2 deep elf knights
  A storm dragon skeleton (Crypt:5)
  A deep troll (Vaults:2)
  A shadow wraith (Crypt:3)
  2 ironbrand convokers
  A very ugly thing zombie (Vaults:2)
  3 orc knights
  A large abomination (Abyss:2)
  A wolf spider zombie (Crypt:5)
  2 spectral elves
  4 necromancers (Crypt:5)
  2 deep elf conjurers (Vaults:2)
  A griffon (Lair:8)
  A stone giant zombie (D:17)
  A flaming corpse (Crypt:3)
  2 hill giants
  2 fire giant skeletons (Crypt:5)
  5 phantasmal warriors
  2 stone giant skeletons
  A smoke demon (Tomb:1)
  5 yaktaurs
  A silent spectre (Crypt:4)
  A naga mage (Snake:4)
  2 ancient zymes
  2 blue devils
  A centaur skeleton (D:17)
  27 guardian mummies
  2 fire vortices (Crypt:5)
  A harpy skeleton (Crypt:4)
  A boulder beetle (Lair:8)
  3 two-headed ogres
  An ettin zombie (Tomb:2)
  2 dryad zombies (Crypt:5)
  3 wraiths
  A griffon zombie (D:17)
  8 flying skulls
  3 redbacks (Crypt:5)
  4 shadows
  10 ugly things
  2 yaks (D:17)
  A dryad skeleton (Crypt:5)
  A deep elf mage (Elf:3)
  A griffon skeleton (D:17)
  2 vampires
  A wind drake zombie (Crypt:5)
  A neqoxec (Tomb:1)
  A hippogriff (Lair:8)
  A giant firefly zombie (Crypt:5)
  3 spiny worm zombies
  6 deep elf fighters
  A hog (Volcano)
  An ettin skeleton (Crypt:5)
  4 hungry ghosts
  A vampire mosquito (Abyss:4)
  A grey draconian simulacrum (Tomb:1)
  2 raven skeletons (Crypt:5)
  3 necrophages
  4 freezing wraiths
  2 nagas (Snake:4)
  A giant goldfish (Snake:1)
  An orc zombie (D:17)
  3 ogres
  10 rotting devils (Crypt:5)
  5 orc warriors
  A giant slug (Lair:8)
  A giant slug zombie (D:17)
  A warg (D:17)
  A yaktaur skeleton (D:17)
  2 cyclops zombies (D:17)
  A wyvern skeleton (Crypt:4)
  A cyclops skeleton (D:17)
  A yak zombie (Crypt:5)
  A rock worm zombie (D:17)
  2 wights
  A killer bee (D:17)
  A jellyfish (Snake:1)
  2 electric eels (Snake:1)
  An iron imp (Abyss:4)
  An orc wizard (Vaults:3)
  2 sheep (Lair:8)
  A brain worm zombie (Abyss:2)
  A deep dwarf skeleton (Crypt:3)
  24 mummies
  An adder (Lair:8)
  A worm zombie (Crypt:3)
  An ufetubus (Vaults:5)
  A giant eyeball (Abyss:4)
  10 orcs
  A ballistomycete (D:15)
  A bush (Lair:8)
  5 plants
346 creatures vanquished.

Vanquished Creatures (others)
  6 daevas
  2 angels
  A chimera (Snake:1)
  2 deep dwarf death knights
  A thrashing horror (Abyss:3)
  A vampire mage (Abyss:3)
  2 skeletal warriors (Crypt:2)
  A flayed ghost (Crypt:2)
  5 large abominations (Abyss:3)
  A hellion (Abyss:2)
  A griffon (Vaults:3)
  20 air elementals
  2 smoke demons (Abyss:3)
  14 fire elementals
  11 water elementals
  An orange demon (Abyss:3)
  3 guardian mummies (Tomb:2)
  A baby alligator (Swamp:4)
  A jumping spider (D:15)
  A red devil (Abyss:3)
  2 fire vortices (Crypt:5)
  An iron devil (Abyss:3)
  A bog body (Swamp:1)
  A giant leech (Swamp:3)
  A flying skull (Abyss:3)
  2 ugly things
  A hungry ghost (Crypt:2)
  A dryad skeleton (Crypt:2)
  A redback (Vaults:1)
  A hog (Volcano)
  7 trapdoor spiders
  An ettin skeleton (Tomb:2)
  2 deep elf fighters
  3 vampire mosquitoes (Swamp:5)
  A spatial vortex (Abyss:4)
  An earth elemental (Elf:3)
  2 swamp worms
  3 nagas (Abyss:3)
  A swamp drake (Swamp:5)
  A freezing wraith (Crypt:2)
  A slave (D:6)
  A kobold demonologist (Vaults:4)
  2 small abominations (Abyss:3)
  2 orc warriors
  An ogre (Vaults:3)
  A brain worm (Abyss:2)
  6 lost souls
  A jelly (D:6)
  2 wights (Abyss:2)
  2 spiders
  An orc priest (D:6)
  5 mummies
  A formicid zombie (Crypt:2)
  An adder (Abyss:3)
  An ufetubus (Abyss:3)
  5 orcs
  2 humans (Vaults:4)
  3 jackals (D:6)
  A bat (Lair:4)
  A giant spore (D:15)
  A hobgoblin zombie (D:6)
  9 fungi
  5 plants
  6 starspawn tentacles
  35 starspawn tentacle segments (Abyss:1)
207 creatures vanquished.

Grand Total: 3626 creatures vanquished

Notes
Turn   | Place    | Note
--------------------------------------------------------------
     0 | D:1      | MechanicPope, the Formicid Fighter, began the quest for the Orb.
     0 | D:1      | Reached XP level 1. HP: 19/19 MP: 0/0
   136 | D:1      | Reached XP level 2. HP: 18/24 MP: 1/1
   156 | D:1      | Reached skill level 4 in Armour
   203 | D:2      | Found a shimmering altar of Xom.
   369 | D:2      | Found a bloodstained altar of Trog.
   375 | D:2      | Found an ancient bone altar of Kikubaaqudgha.
   375 | D:2      | Found a burning altar of Makhleb.
   388 | D:2      | Found an iron altar of Okawaru.
   392 | D:2      | Found a glowing golden altar of the Shining One.
   404 | D:2      | Became a worshipper of Warmaster Okawaru
   558 | D:2      | Reached XP level 3. HP: 29/29 MP: 2/2
   755 | D:2      | Reached XP level 4. HP: 17/33 MP: 3/3
   806 | D:2      | HP: 1/33 [worm (6)]
  1801 | D:3      | Reached XP level 5. HP: 38/38 MP: 4/4
  2817 | D:4      | Got an ancient dagger
  2857 | D:4      | Reached XP level 6. HP: 27/43 MP: 5/5
  2869 | D:4      | Identified the -1,+3 dagger "Gheoff" {holy, rC+} (You found it on level 4 of the Dungeon)
  2869 | D:4      | Identified the -1,+3 dagger "Gheoff" {holy, rC+} (You found it on level 4 of the Dungeon)
  3191 | D:4      | Acquired Okawaru's first power
  3579 | D:5      | Entered Level 5 of the Dungeon
  3606 | D:5      | Reached skill level 5 in Armour
  3900 | D:4      | Reached skill level 1 in Invocations
  3900 | D:4      | Reached XP level 7. HP: 22/48 MP: 4/7
  4410 | D:5      | Reached skill level 5 in Long Blades
  4966 | D:5      | Noticed Sigmund
  5141 | D:5      | Found a sparkling altar of Nemelex Xobeh.
  5329 | D:5      | Gained mutation: Your magical capacity is low (-10% MP). [potion of mutation]
  5329 | D:5      | Gained mutation: You are partially covered in thin metallic scales (AC +2). [potion of mutation]
  5329 | D:5      | Gained mutation: You are partially covered in molten scales (AC +1). [potion of mutation]
  5583 | D:5      | Gained mutation: You have a pair of antennae on your head. [level up]
  5583 | D:5      | Reached XP level 8. HP: 50/53 MP: 5/8
  6005 | D:5      | Killed Sigmund
  6005 | D:5      | Reached skill level 6 in Long Blades
  6345 | D:6      | Found a gateway to a ziggurat.
  6358 | D:6      | Reached skill level 5 in Shields
  6660 | D:6      | Reached skill level 5 in Fighting
  6757 | D:6      | Reached skill level 7 in Long Blades
  6757 | D:6      | Reached XP level 9. HP: 50/58 MP: 6/9
  7275 | D:6      | Noticed Pikel
  7292 | D:6      | Killed Pikel
  7292 | D:6      | Reached skill level 8 in Long Blades
  8082 | D:6      | Found a staircase to the Ecumenical Temple.
  8088 | Temple   | Entered the Ecumenical Temple
  8463 | D:6      | Reached XP level 10. HP: 47/65 MP: 8/10
  8581 | D:7      | Reached skill level 1 in Throwing
  8829 | D:7      | Reached skill level 9 in Long Blades
  8975 | D:7      | Noticed a troll
  8989 | D:7      | Killed a troll
  9145 | D:7      | Found Twerhibe's Book Boutique.
  9874 | D:8      | Got an ancient scale mail
  9948 | D:8      | Identified the +6 scale mail of the King of the Hill {Dex+1 Int+3} (You found it on level 8 of the Dungeon)
 10065 | D:8      | Found a staircase to the Orcish Mines.
 10067 | D:8      | Found an iron altar of Okawaru.
 10073 | D:8      | Found a basalt altar of Yredelemnul.
 10905 | Orc:1    | Entered Level 1 of the Orcish Mines
 10905 | Orc:1    | Found Truat's General Store.
 10905 | Orc:1    | Noticed Eustachio
 10932 | Orc:1    | Killed Eustachio
 10950 | Orc:1    | Bought an uncursed amulet of clarity for 240 gold pieces
 10950 | Orc:1    | Bought a scroll of identify for 24 gold pieces
 11129 | Orc:3    | Found a staircase to the Elven Halls.
 11133 | Orc:3    | Noticed an orc sorcerer
 11136 | Orc:3    | Noticed a soul eater
 11281 | Orc:3    | Noticed an ice devil
 11285 | Orc:3    | Killed an orc sorcerer
 11285 | Orc:3    | Reached XP level 11. HP: 63/70 MP: 8/11
 11449 | Orc:3    | Reached skill level 10 in Long Blades
 11831 | Orc:2    | Found a roughly hewn altar of Beogh.
 12899 | Orc:3    | Found Chuat's General Store.
 12914 | Orc:3    | Bought a scroll of identify for 36 gold pieces
 13071 | Orc:4    | Entered Level 4 of the Orcish Mines
 13178 | Orc:4    | Found a labyrinth entrance.
 13270 | Lab      | Entered a labyrinth
 14478 | Lab      | Noticed a minotaur
 14491 | Lab      | Killed a minotaur
 14497 | Lab      | Got a smoking golden amulet
 14498 | Lab      | Got a faintly glowing cloak
 14503 | Lab      | Identified the +1 cloak "Enidui" {Int-2 Stlth} (You found it in a labyrinth)
 14510 | Lab      | Identified a +2 pair of boots of running (You found it in a labyrinth)
 14721 | Orc:4    | Found Yzxioshri's Armour Shoppe.
 15224 | Orc:4    | Noticed an orc high priest
 15567 | Orc:4    | Noticed an orc knight
 15593 | Orc:4    | Killed an orc knight
 15593 | Orc:4    | Reached skill level 11 in Long Blades
 15794 | Orc:4    | Acquired Okawaru's second power
 16015 | Orc:4    | Noticed an orc sorcerer
 16048 | Orc:4    | Killed an orc sorcerer
 16048 | Orc:4    | Reached skill level 10 in Armour
 16125 | Orc:4    | Noticed an orc knight
 16176 | Orc:4    | Killed an orc knight
 16209 | Orc:4    | Noticed an orc warlord
 16223 | Orc:4    | Reached XP level 12. HP: 71/81 MP: 11/14
 16241 | Orc:4    | Killed an orc warlord
 16241 | Orc:4    | Received a gift from Okawaru
 16241 | Orc:4    | Reached XP level 13. HP: 18/87 MP: 13/16
 16585 | Orc:4    | Noticed an orc knight
 16585 | Orc:4    | Noticed an orc sorcerer
 16747 | Orc:4    | Killed an orc knight
 16747 | Orc:4    | Reached skill level 1 in Stealth
 16748 | Orc:4    | Killed an orc sorcerer
 16777 | Orc:4    | Noticed an orc high priest
 16811 | Orc:4    | Killed an orc high priest
 16825 | Orc:4    | Killed an orc high priest
 16854 | Orc:4    | Noticed an orc knight
 16875 | Orc:4    | Killed an orc knight
 16964 | Orc:4    | Noticed an orc sorcerer
 16996 | Orc:4    | Noticed an orc high priest
 17025 | Orc:4    | Killed an orc sorcerer
 17025 | Orc:4    | Received a gift from Okawaru
 17025 | Orc:4    | Reached skill level 12 in Fighting
 17078 | Orc:4    | Killed an orc high priest
 17125 | Orc:4    | Found Ugasiuza's General Store.
 17126 | Orc:4    | Found Merin's Jewellery Shop.
 17128 | Orc:4    | Found Evisu's Antique Weapon Boutique.
 17128 | Orc:4    | Found Wulelozu's Antique Armour Shop.
 17142 | Orc:4    | Bought a scroll of identify for 26 gold pieces
 17142 | Orc:4    | Bought a bread ration for 52 gold pieces
 17143 | Orc:4    | Identified the amulet of the Leaf {Spirit rPois Dex-1} (You found it in a labyrinth)
 17149 | Orc:4    | Noticed an orc sorcerer
 17163 | Orc:4    | Killed an orc sorcerer
 17163 | Orc:4    | Reached skill level 1 in Evocations
 17203 | Orc:4    | Upgraded the game from 0.14-a0-770-g009d3a2 to 0.14-a0-788-g14b720c
 17430 | Orc:4    | Bought a +1 dwarven cloak for 71 gold pieces
 17597 | Orc:1    | Bought a potion of resistance for 84 gold pieces
 17597 | Orc:1    | Bought a potion of restore abilities for 36 gold pieces
 17740 | D:9      | Noticed Grum
 17771 | D:9      | Killed Grum
 17880 | D:9      | Noticed Joseph
 17904 | D:9      | Killed Joseph
 18485 | D:9      | Found a deep blue altar of Sif Muna.
 18627 | D:10     | Entered Level 10 of the Dungeon
 18811 | D:10     | Found Jawn's Assorted Antiques.
 18819 | D:10     | Bought a potion of curing for 58 gold pieces
 18819 | D:10     | Bought a scroll of identify for 58 gold pieces
 18819 | D:10     | Bought a scroll of identify for 58 gold pieces
 18819 | D:10     | Bought a scroll labeled SHYP RAGAE for 29 gold pieces
 18819 | D:10     | Bought 2 scrolls of fear for 203 gold pieces
 18819 | D:10     | Bought a lumpy green potion for 26 gold pieces
 18897 | D:10     | Found Byhagore's General Store.
 18906 | D:10     | Bought a potion of curing for 26 gold pieces
 18906 | D:10     | Bought a scroll of identify for 26 gold pieces
 18906 | D:10     | Bought a meat ration for 52 gold pieces
 18906 | D:10     | Bought a scroll of magic mapping for 45 gold pieces
 18906 | D:10     | Bought a scroll of recharging for 71 gold pieces
 19332 | D:10     | Found Xixytuaca's Jewellery Shop.
 19350 | D:10     | Reached XP level 14. HP: 69/93 MP: 13/18
 19716 | D:11     | Noticed Josephine
 19738 | D:11     | Killed Josephine
 19800 | D:11     | Found a flagged portal.
 19846 | Bailey   | Entered a bailey
 20335 | D:11     | Noticed Urug
 20359 | D:11     | Killed Urug
 20401 | D:11     | Found Yniheet's Assorted Antiques.
 20519 | D:11     | Reached skill level 5 in Evocations
 20950 | D:12     | Received a gift from Okawaru
 21408 | D:12     | Noticed Harold
 21462 | D:12     | Found Xilyur's Magic Scroll Emporium.
 21530 | D:12     | You fall through a shaft!
 22255 | D:14     | Reached skill level 13 in Long Blades
 23712 | D:12     | Killed Harold
 23755 | D:12     | Found a staircase to the Lair.
 23785 | D:12     | Reached XP level 15. HP: 62/99 MP: 23/23
 23803 | D:12     | Reached skill level 10 in Shields
 23874 | D:12     | Received a gift from Okawaru
 23908 | D:12     | Got a fine double sword {god gift}
 23909 | D:12     | Identified the +4,+4 double sword of Subjectivity {venom, rElec SInv Stlth++} (Okawaru gifted it to you on level 12 of the Dungeon)
 23909 | D:12     | Identified the +4,+4 double sword of Subjectivity {venom, rElec SInv Stlth++} (Okawaru gifted it to you on level 12 of the Dungeon)
 23947 | D:12     | Noticed Erica
 23961 | D:12     | Killed Erica
 24258 | Lair:1   | Entered Level 1 of the Lair of Beasts
 25210 | D:12     | Bought a scroll of fear for 49 gold pieces
 25210 | D:12     | Bought a scroll of enchant armour for 77 gold pieces
 25210 | D:12     | Bought a scroll of silence for 105 gold pieces
 25210 | D:12     | Bought a scroll of enchant weapon III for 280 gold pieces
 25433 | D:12     | Found a portal to a secret trove of treasure.
 25734 | D:12     | Bought a scroll of identify for 28 gold pieces
 26023 | Lair:2   | Found a shattered altar of Ashenzari.
 27153 | Lair:3   | Found a deep blue altar of Sif Muna.
 27437 | Lair:3   | Received a gift from Okawaru
 28266 | Lair:4   | Reached skill level 14 in Long Blades
 28569 | Lair:5   | Found a dark tunnel.
 28626 | Volcano  | Entered a volcano
 28651 | Volcano  | Reached skill level 10 in Evocations
 29331 | Lair:5   | Lost mutation: Your magical capacity is low (-10% MP). [potion of cure mutation]
 29331 | Lair:5   | Lost mutation: You are partially covered in thin metallic scales (AC +2). [potion of cure mutation]
 29331 | Lair:5   | Lost mutation: You are partially covered in molten scales (AC +1). [potion of cure mutation]
 29709 | D:12     | Bought a scroll of identify for 28 gold pieces
 29713 | D:12     | Bought a scroll of identify for 28 gold pieces
 29978 | Lair:6   | Received a gift from Okawaru
 30220 | Lair:6   | Reached XP level 16. HP: 69/106 MP: 29/29
 30475 | Lair:6   | Found a staircase to the Snake Pit.
 30582 | Lair:6   | Found a staircase to the Swamp.
 30828 | Lair:6   | Got an encrusted halberd
 30829 | Lair:6   | Identified the cursed +2,+3 halberd of Phyd {chop, Int+1} (You found it on level 6 of the Lair of Beasts)
 30829 | Lair:6   | Identified the cursed +2,+3 halberd of Phyd {chop, Int+1} (You found it on level 6 of the Lair of Beasts)
 31236 | Lair:7   | Found a staircase to the Slime Pits.
 31593 | Lair:7   | Received a gift from Okawaru
 32020 | Lair:8   | Entered Level 8 of the Lair of Beasts
 32909 | Lair:8   | Received a gift from Okawaru
 33729 | Lair:8   | Reached XP level 17. HP: 109/112 MP: 30/30
 33829 | Snake:1  | Entered Level 1 of the Snake Pit
 34353 | Snake:4  | Got a faintly glowing chain mail
 34400 | Snake:4  | Identified the +3 chain mail "Shraop" {Str+1 Dex-2} (You found it on level 4 of the Snake Pit)
 34436 | Snake:5  | Entered Level 5 of the Snake Pit
 34444 | Snake:5  | Reached skill level 15 in Long Blades
 34894 | Snake:5  | Received a gift from Okawaru
 35583 | Snake:5  | HP: 5/113 [greater naga/poison arrow (25)]
 35824 | Snake:5  | Received a gift from Okawaru
 35827 | Snake:5  | Got a bloodstained longbow {god gift}
 36002 | Snake:5  | Got a serpentine rune of Zot
 36266 | Snake:5  | Reached XP level 18. HP: 109/119 MP: 32/32
 36270 | Snake:5  | Got a bloodstained scale mail
 36294 | Snake:5  | Identified the +0 scale mail of the Marlin {Int+4} (You found it on level 5 of the Snake Pit)
 36789 | Snake:5  | Received a gift from Okawaru
 36927 | Snake:5  | Reached skill level 16 in Long Blades
 37025 | Snake:4  | Noticed Aizul
 37032 | Snake:4  | Was placed under penance by Okawaru
 37045 | Snake:4  | Killed Aizul
 38517 | Snake:3  | Was forgiven by Okawaru
 38932 | Snake:3  | Got a faintly glowing marble ring
 38933 | Snake:3  | Identified the ring "Fanog" {+cTele Str+3 Int+3} (You found it on level 3 of the Snake Pit)
 39973 | Swamp:1  | Entered Level 1 of the Swamp
 40316 | Swamp:1  | Noticed Nikola
 40362 | Swamp:1  | Killed Nikola
 40453 | Swamp:1  | Noticed Kirke
 40460 | Swamp:1  | Killed Kirke
 40570 | Swamp:1  | Noticed Donald
 40584 | Swamp:1  | Killed Donald
 41305 | D:2      | Fell from the grace of Okawaru
 41305 | D:2      | Became a worshipper of the Shining One
 42850 | Swamp:2  | Acquired the Shining One's first power
 42868 | Swamp:2  | Reached XP level 19. HP: 119/125 MP: 34/34
 42903 | Swamp:2  | Reached skill level 1 in Spellcasting
 43563 | Swamp:3  | Noticed Snorg
 43579 | Swamp:3  | Acquired the Shining One's second power
 43584 | Swamp:3  | Killed Snorg
 43847 | Swamp:3  | Reached skill level 17 in Long Blades
 43980 | Swamp:3  | Identified a +0 rod of fiery destruction (11/11) (You found it on level 3 of the Swamp)
 45413 | Swamp:5  | Entered Level 5 of the Swamp
 45448 | Swamp:5  | Reached skill level 15 in Armour
 45814 | Swamp:5  | Got a decaying rune of Zot
 46241 | Swamp:5  | Acquired the Shining One's third power
 46339 | Swamp:5  | Noticed Jorgrun
 46351 | Swamp:5  | Killed Jorgrun
 46995 | D:10     | Bought a vibrating steel ring for 725 gold pieces
 47217 | D:15     | Entered Level 15 of the Dungeon
 47652 | D:15     | Found a blossoming altar of Fedhas.
 48182 | D:16     | Reached skill level 5 in Invocations
 48554 | D:16     | Reached XP level 20. HP: 126/133 MP: 9/34
 48620 | D:16     | Noticed Sonja
 48660 | D:16     | Cast into the Abyss (Sonja)
 48799 | Abyss:2  | Found a corrupted altar of Lugonu.
 48870 | Abyss:2  | Found a bloodstained altar of Trog.
 49325 | Abyss:2  | Acquired the Shining One's fourth power
 49415 | Abyss:3  | Reached skill level 15 in Fighting
 49591 | Abyss:3  | Reached skill level 18 in Long Blades
 49876 | Abyss:3  | Noticed a pearl dragon
 50084 | Abyss:3  | Reached XP level 21. HP: 138/138 MP: 35/35
 50209 | Abyss:3  | Noticed a bone dragon
 50729 | Abyss:3  | Found a corrupted altar of Lugonu.
 50883 | Abyss:4  | Gained mutation: Your vision is a little blurry. [a shining eye]
 50923 | Abyss:4  | Reached skill level 10 in Invocations
 51146 | Abyss:4  | Noticed a bone dragon
 51170 | Abyss:4  | Killed a bone dragon
 51253 | Abyss:4  | Found a corrupted altar of Lugonu.
 51303 | Abyss:4  | Identified the ring of Temperance {EV+2 Str+3 Dex+5} (You bought it in a shop on level 10 of the Dungeon)
 51717 | Abyss:4  | Gained mutation: You are surrounded by a mild repulsion field (EV +2). [a cacodemon]
 51932 | Abyss:4  | Noticed an ancient lich
 51940 | Abyss:4  | Killed an ancient lich
 51940 | Abyss:4  | Reached skill level 19 in Long Blades
 51940 | Abyss:4  | Reached XP level 22. HP: 145/145 MP: 36/36
 51941 | Abyss:4  | Noticed an ancient lich
 51961 | Abyss:4  | Killed an ancient lich
 51996 | Abyss:4  | Got an abyssal rune of Zot
 52065 | D:16     | Escaped the Abyss
 52066 | D:16     | Killed Sonja
 52409 | D:16     | Got a polished long sword
 52410 | D:16     | Identified the cursed +1,+2 long sword "Jellybane" {venom, Dex+2} (You found it on level 16 of the Dungeon)
 52410 | D:16     | Identified the cursed +1,+2 long sword "Jellybane" {venom, Dex+2} (You found it on level 16 of the Dungeon)
 52946 | D:17     | Identified Plaarav's Compendium of Black Rituals
 53557 | D:18     | Found a staircase to the Vaults.
 53694 | Vaults:1 | Entered Level 1 of the Vaults
 54434 | Vaults:1 | Reached XP level 23. HP: 134/153 MP: 33/36
 54590 | Vaults:1 | Found Cupleiti's Gadget Boutique.
 55980 | Lair:2   | Lost mutation: Your vision is a little blurry. [potion of cure mutation]
 55980 | Lair:2   | Lost mutation: You are surrounded by a mild repulsion field (EV +2). [potion of cure mutation]
 56128 | D:10     | Bought an uncursed ring of protection from fire for 325 gold pieces
 56329 | Orc:4    | Bought an uncursed ring of protection from fire for 275 gold pieces
 56442 | Elf:1    | Entered Level 1 of the Elven Halls
 56475 | Elf:1    | Found Kiaxieh's Antique Weapon Shop.
 56538 | Elf:1    | Found Iroaneuz's Magic Scroll Shop.
 56553 | Elf:1    | Bought a scroll of enchant weapon I for 99 gold pieces
 56606 | Elf:1    | Reached skill level 15 in Shields
 56609 | Elf:1    | Found Klerol's Antique Armour Shoppe.
 56617 | Elf:1    | Bought a glowing cloak for 40 gold pieces
 56621 | Elf:1    | Identified a +0 cloak of preservation (You bought it in a shop on level 1 of the Elven Halls)
 57003 | Elf:1    | Found Giubrol's Food Boutique.
 57009 | Elf:1    | Noticed Rupert
 57036 | Elf:1    | Killed Rupert
 57155 | Elf:1    | Found Wintideb's Book Shop.
 57429 | Elf:2    | Reached skill level 20 in Long Blades
 57633 | Elf:3    | Entered Level 3 of the Elven Halls
 57897 | Elf:3    | Reached skill level 15 in Evocations
 58057 | Elf:3    | Reached XP level 24. HP: 160/160 MP: 37/37
 58194 | Elf:3    | Got a transparent cloak
 58200 | Elf:3    | Identified the +0 cloak of Tricry {Dex-1 Dam+4} (You acquired it on level 3 of the Elven Halls)
 58400 | Elf:3    | Got a pitted ruby amulet
 58502 | Elf:3    | Got a faintly glowing platinum ring
 58523 | Elf:3    | Identified the Almanac of Quantum Confrontation
 58528 | Elf:3    | Got a slimy blowgun
 58529 | Elf:3    | Identified the cursed -2 blowgun "Mupsauw" {speed, rF+ Stlth+} (You found it on level 3 of the Elven Halls)
 58529 | Elf:3    | Identified the cursed -2 blowgun "Mupsauw" {speed, rF+ Stlth+} (You found it on level 3 of the Elven Halls)
 59076 | Elf:3    | Noticed Fannar
 59083 | Elf:3    | Killed Fannar
 59228 | Elf:3    | Identified the ring "Ywai" {-Tele +Inv rF+ MR++ Dam-2 SInv} (You took it off a deep elf annihilator on level 3 of the Elven Halls)
 59228 | Elf:3    | Identified the amulet "Eronn" {Faith Str-4 Dex-3} (You took it off a deep elf death mage on level 3 of the Elven Halls)
 59343 | Elf:3    | Noticed Saint Roka
 59362 | Elf:3    | Killed Saint Roka
 59869 | Elf:2    | Found Thiod's Magical Wand Boutique.
 61005 | Vaults:2 | Found a staircase to the Crypt.
 62253 | Vaults:3 | Reached skill level 21 in Long Blades
 62377 | Vaults:3 | Reached XP level 25. HP: 141/166 MP: 38/38
 62791 | Vaults:4 | Found a staircase to the Hall of Blades.
 62807 | Blade    | Entered the Hall of Blades
 63165 | Vaults:4 | Was placed under penance by the Shining One
 63422 | Vaults:4 | Was forgiven by the Shining One
 63515 | Vaults:4 | Noticed Margery
 63549 | Vaults:4 | Killed Margery
 64045 | Vaults:4 | Noticed Jory
 64046 | Vaults:4 | Noticed Xtahua
 64062 | Vaults:4 | Killed Xtahua
 64070 | Vaults:4 | Killed Jory
 64070 | Vaults:4 | Reached XP level 26. HP: 105/174 MP: 22/39
 64948 | Vaults:5 | Entered Level 5 of the Vaults
 65002 | Vaults:4 | Reached skill level 22 in Long Blades
 66698 | Vaults:5 | Found Shyi's Food Shoppe.
 66722 | Vaults:5 | Got a silver rune of Zot
 66740 | Vaults:5 | Found Sikhar's Distillery.
 66753 | Vaults:5 | Reached XP level 27. HP: 77/181 MP: 18/40
 66757 | Vaults:5 | Bought a potion of restore abilities for 54 gold pieces
 66757 | Vaults:5 | Bought a potion of agility for 45 gold pieces
 66942 | Vaults:5 | Found Trarumean's Magic Scroll Boutique.
 66946 | Vaults:5 | Bought a scroll of enchant weapon III for 360 gold pieces
 66948 | Vaults:5 | Bought a scroll of fear for 63 gold pieces
 66948 | Vaults:5 | Bought a scroll of remove curse for 54 gold pieces
 66953 | Vaults:5 | Found Clapuxkedem's Food Shoppe.
 66961 | Vaults:5 | Bought a meat ration for 44 gold pieces
 66961 | Vaults:5 | Bought a meat ration for 44 gold pieces
 66961 | Vaults:5 | Bought a meat ration for 44 gold pieces
 66961 | Vaults:5 | Bought a meat ration for 44 gold pieces
 67149 | Vaults:5 | Found Twicikup's Magic Scroll Shop.
 67153 | Vaults:5 | Bought a scroll of enchant weapon II for 82 gold pieces
 67155 | Vaults:5 | Bought a scroll of magic mapping for 52 gold pieces
 67161 | Vaults:5 | Found Ceeckok's Food Shoppe.
 67187 | Vaults:5 | Found Blozashruquu's Food Emporium.
 67198 | Vaults:5 | Found Goqoozux's Magic Scroll Shop.
 67471 | Vaults:5 | Got a flickering amber ring
 67473 | Vaults:5 | Identified the ring "Cillaodizo" {+Inv rElec rPois MR Int+3} (You found it on level 5 of the Vaults)
 68496 | Crypt:1  | Entered Level 1 of the Crypt
 69328 | D:2      | Identified a +7,+6 Blessed Blade (a +6,+5 triple sword of flaming blessed by the Shining One)
 70158 | Crypt:1  | Got a pair of heavily runed boots
 70162 | Crypt:1  | Identified the -5 pair of boots "Atul" {rN+ Acc-5} (You acquired it on level 1 of the Crypt)
 70819 | Crypt:2  | Noticed Mennas
 70830 | Crypt:2  | Noticed Khufu
 70870 | Crypt:2  | Killed Khufu
 70906 | Crypt:2  | Noticed Wiglaf
 70915 | Crypt:2  | Killed Wiglaf
 70993 | Crypt:2  | Was forgiven by Okawaru
 71815 | Crypt:3  | Noticed Frederick
 71843 | Crypt:3  | Killed Frederick
 72163 | Crypt:3  | Reached skill level 23 in Long Blades
 72527 | Crypt:3  | Found a staircase to the Tomb.
 73279 | Crypt:5  | Entered Level 5 of the Crypt
 73530 | Crypt:5  | Noticed goblolo's ghost (great DECj)
 73620 | Crypt:5  | Killed goblolo's ghost
 74057 | Crypt:5  | Found an ancient bone altar of Kikubaaqudgha.
 74283 | Crypt:5  | Noticed an ancient lich
 74296 | Crypt:5  | Noticed an ancient lich
 74297 | Crypt:5  | Killed an ancient lich
 74305 | Crypt:5  | Killed an ancient lich
 74324 | Crypt:5  | Identified a +4 rod of inaccuracy (14/14) (You found it on level 5 of the Crypt)
 75396 | Tomb:1   | Entered Level 1 of the Tomb of the Ancients
 75773 | Tomb:1   | Noticed a greater mummy
 75781 | Tomb:1   | Killed a greater mummy
 77340 | Tomb:2   | Noticed a greater mummy
 77340 | Tomb:2   | Noticed a greater mummy
 77340 | Tomb:2   | Noticed a greater mummy
 77342 | Tomb:2   | Noticed a greater mummy
 78216 | Tomb:1   | Killed a greater mummy
 78324 | Tomb:1   | Killed a greater mummy
 78337 | Tomb:1   | Killed a greater mummy
 78519 | Tomb:1   | Killed a greater mummy
 78586 | Tomb:2   | Was placed under penance by the Shining One
 78598 | Tomb:1   | Fell from the grace of the Shining One
 78934 | Tomb:1   | Noticed a greater mummy
 78948 | Tomb:1   | Killed a greater mummy
 78949 | Tomb:1   | Noticed a greater mummy
 79798 | Tomb:1   | Noticed a greater mummy
 80119 | Tomb:1   | Killed a greater mummy
 80485 | Tomb:1   | Killed a greater mummy
 80585 | Tomb:1   | Noticed a greater mummy
 80945 | Tomb:1   | Killed a greater mummy
 81136 | Tomb:1   | Noticed a greater mummy
 81151 | Tomb:1   | Killed a greater mummy
 81222 | Tomb:1   | Noticed a greater mummy
 81245 | Tomb:1   | Noticed a greater mummy
 81253 | Tomb:1   | Killed a greater mummy
 81630 | Tomb:1   | Killed a greater mummy
 81773 | Tomb:1   | Noticed a greater mummy
 81779 | Tomb:1   | Killed a greater mummy
 81786 | Tomb:1   | Noticed a greater mummy
 81849 | Tomb:1   | Killed a greater mummy
 82190 | Tomb:1   | Noticed a greater mummy
 82247 | Tomb:1   | Noticed a greater mummy
 82250 | Tomb:1   | Killed a greater mummy
 82414 | Tomb:2   | Upgraded the game from 0.14-a0-788-g14b720c to 0.14-a0-987-gc8002fa
 82416 | Tomb:2   | Quit the game

Action                   |  1- 3 |  4- 6 |  7- 9 | 10-12 | 13-15 | 16-18 | 19-21 | 22-24 | 25-27 || total
-------------------------+-------+-------+-------+-------+-------+-------+-------+-------+-------++-------
Melee: Falchion          |   155 |   148 |       |       |    35 |       |       |       |       ||   338
       Long sword        |       |   156 |   457 |     6 |   981 |       |       |       |       ||  1600
       Flail             |       |       |    26 |       |       |       |       |       |       ||    26
       Dagger            |       |       |    11 |       |       |       |       |       |       ||    11
       Scimitar          |       |       |       |   775 |    60 |    62 |    24 |       |       ||   921
       Great sword       |       |       |       |    63 |     9 |       |       |       |       ||    72
       Double sword      |       |       |       |       |   781 |  1783 |   247 |       |       ||  2811
       Triple sword      |       |       |       |       |       |       |  1242 |  1321 |  1181 ||  3744
       Blessed triple sw |       |       |       |       |       |       |       |       |   741 ||   741
       Rod               |       |       |       |       |       |       |       |       |     6 ||     6
Throw: Dart              |       |     6 |     3 |    13 |       |       |       |     2 |     7 ||    31
       Tomahawk          |       |       |       |     4 |    27 |    16 |       |       |       ||    47
       Javelin           |       |       |       |       |       |     5 |       |       |       ||     5
Invok: Heroism           |       |     1 |    15 |    22 |    14 |     1 |       |       |       ||    53
       Cleansing Flame   |       |       |       |       |       |       |     2 |     2 |     2 ||     6
       Divine Shield     |       |       |       |       |       |       |     1 |       |       ||     1
       Summon Divine War |       |       |       |       |       |       |       |    10 |    14 ||    24
 Abil: Dig               |       |       |       |    13 |     4 |    22 |     2 |    18 |     4 ||    63
       Shaft Self        |       |       |       |       |     1 |       |       |       |       ||     1
Evoke: Wand              |       |       |       |       |    12 |     5 |     3 |     3 |    20 ||    43
       Miscellaneous     |       |       |       |       |     5 |     6 |    14 |    13 |    43 ||    81
       Rod               |       |       |       |       |       |       |    11 |     2 |     1 ||    14
  Use: Scroll            |       |     6 |     2 |    12 |    24 |    16 |    13 |    14 |    21 ||   108
       Potion            |       |     1 |     6 |     6 |     7 |     9 |     6 |     4 |    27 ||    66
 Stab: Invisible         |       |       |       |     2 |       |       |       |       |       ||     2
       Distracted        |       |       |       |       |     1 |       |     1 |     5 |     5 ||    12
       Confused          |       |       |       |       |       |       |     2 |       |       ||     2
       Held in net/web   |       |       |       |       |       |       |     3 |       |       ||     3
